 Dungeon Crawl Stone Soup version 0.21.1-1-g345015f (webtiles) character file.

966 shakethe the Covered (level 8, -4/48 HPs)
             Began as a Gargoyle Fighter on Feb 14, 2018.
             Slain by a two-headed ogre
             ... wielding a cursed -3 giant club
              (9 damage)
             ... on level 5 of the Dungeon.
             The game lasted 00:07:13 (3780 turns).

shakethe the Covered (Gargoyle Fighter)             Turns: 3780, Time: 00:07:14

Health: -4/48      AC: 22    Str: 26    XL:     8   Next: 15%
Magic:  8/8        EV:  5    Int:  8    God:
Gold:   285        SH: 10    Dex: 11    Spells: 7/7 levels left

rFire    . . .     SeeInvis .   a - +0 flail
rCold    . . .     Gourm    .   c - +0 shield
rNeg     + . .     Faith    .   e - +1 plate armour
rPois    ∞         Spirit   .   (no helmet)
rElec    +         Reflect  .   v - +0 cloak
rCorr    .         Harm     .   (no gloves)
MR       .....     Rnd*Tele +   j - +0 pair of boots
Stlth    ..........             (no amulet)
HPRegen  0.16/turn              s - ring of teleportation (curse) {+/*tele, !d}
MPRegen  0.11/turn              (no ring)

@: mighty
A: negative energy resistance 1, electricity resistance, unbreathing,
petrification resistance, rot immunity, AC +5
a: no special abilities


You were on level 5 of the Dungeon.
You were not hungry.

You visited 1 branch of the dungeon, and saw 5 of its levels.

You collected 285 gold pieces.

Inventory:

Hand Weapons
 a - a +0 flail (weapon)
Missiles
 o - 146 stones (quivered)
Armour
 b - a +0 scale mail
 c - a +0 shield (worn)
 e - a +1 plate armour (worn)
   (You found it on level 1 of the Dungeon)
 j - a +0 pair of boots (worn)
   (You found it on level 1 of the Dungeon)
 t - the +2 leather armour "Suamesio" {Int+4 Dex+2 SInv Stlth+, unknown}
   (You found it on level 4 of the Dungeon)

   It affects your intelligence (+4).
   It affects your dexterity (+2).
   It lets you see invisible.
   It makes you more stealthy.
 v - a +0 cloak (worn)
   (You found it on level 3 of the Dungeon)
Magical Staves
 p - an uncursed staff of earth {unknown}
   (You found it on level 2 of the Dungeon)
Jewellery
 s - a cursed ring of teleportation (left hand) {+/*tele, !d}
   (You found it on level 2 of the Dungeon)
 y - a cursed ring of protection from cold {unknown}
   (You took it off a hobgoblin on level 3 of the Dungeon)
Wands
 u - a wand of enslavement (16)
   (You found it on level 3 of the Dungeon)
 z - a wand of acid (4)
   (You found it on level 4 of the Dungeon)
Scrolls
 g - 7 scrolls of identify
 k - 2 scrolls of enchant armour
 m - 5 scrolls of noise {!r}
 n - 2 scrolls of magic mapping {!r}
 r - a scroll of immolation {!r}
 x - 2 scrolls of remove curse {unknown}
Potions
 h - 2 potions of agility
 i - 3 potions of curing {unknown}
 l - 2 potions of mutation {unknown}
 q - a potion of degeneration {unknown}
 w - 2 potions of brilliance {unknown}
Books
 A - a book of Callings
   (You found it on level 4 of the Dungeon)
Comestibles
 f - 8 rations
 B - a chunk of flesh {@w0}


   Skills:
 + Level 4.3 Fighting
 * Level 5.8 Maces & Flails
 * Level 6.9 Armour
 + Level 5.3 Shields


You had 7 spell levels left.
You didn't know any spells.

Dungeon Overview and Level Annotations

Branches:
Dungeon (5/15)
 Temple: D:4-7

Altars:
Ashenzari
Elyvilon

Shops:
D:4 :


Innate Abilities, Weirdness & Mutations

You are resistant to torment.
Your stone body is resilient. (AC +5)
You are immune to poison.
You resist negative energy. (rN+)
You are resistant to electric shocks. (rElec)
You can survive without breathing.
You are immune to petrification.
You are immune to rotting.


Message History

You miss the adder. You block the adder's attack.
Your shield and plate armour prevent you from hitting the adder.
You block the adder's attack. The adder bites you.
You take 3 damage, and have 45/48 hp.
You hit the adder.
The adder bites you but does no damage. x2
Your plate armour prevents you from hitting the adder.
You block the adder's attack.
You miss the adder. You block the adder's attack.
The adder bites you but does no damage.
You miss the adder. You block the adder's attack. The adder bites you.
You take 2 damage, and have 44/48 hp.
You closely miss the adder. The adder bites you but does no damage.
You miss the adder. You block the adder's attack. x2
You closely miss the adder. The adder bites you but does no damage.
You hit the adder.
The adder bites you but does no damage. x2
You closely miss the adder. The adder bites you but does no damage.
An adder is nearby!
You closely miss the adder.
The adder bites you but does no damage. x2
Your plate armour prevents you from hitting the adder.
The adder bites you but does no damage.
Your shield and plate armour prevent you from hitting the adder.
The adder bites you but does no damage. You block the adder's attack.
You miss the adder. The adder bites you but does no damage.
Your shield and plate armour prevent you from hitting the adder.
You block the adder's attack. The adder bites you but does no damage.
You closely miss the adder. The adder barely misses you.
The adder bites you but does no damage.
Your plate armour prevents you from hitting the adder.
The adder barely misses you.
You hit the adder. You block the adder's attack. x2
You hit the adder.
You kill the adder!
No target in view!
No target in view!
No target in view!
No target in view!
No target in view!
No target in view!
No target in view!
No target in view!
No target in view!
No target in view!
A two-headed ogre comes into view.
It is wielding a giant club and a dire flail.
The two-headed ogre moves out of view.
Health restored: 48 No target in view!
No target in view!
No target in view!
No target in view!
Found a stone staircase leading down.
The two-headed ogre hits you but does no damage.
The two-headed ogre hits you with a dire flail!
You take 10 damage, and have 38/48 hp.
MASSIVE DAMAGE!!
You hit the two-headed ogre.
The two-headed ogre hits you with a giant club.
The two-headed ogre hits you but does no damage.
You take 6 damage, and have 32/48 hp.
You thump the two-headed ogre!
The two-headed ogre hits you with a giant club!
The two-headed ogre hits you but does no damage.
You take 13 damage, and have 19/48 hp.
MASSIVE DAMAGE!!
What are your orders? t - Shout!
Orders for allies: a - Attack new target. r - Retreat! s - Stop attacking. g - Guard the area. f - Follow me.
Anything else - Cancel.
Okay, then.
You hit the two-headed ogre.
The two-headed ogre hits you but does no damage.
The two-headed ogre hits you with a dire flail.
You take 4 damage, and have 15/48 hp.
You hit the two-headed ogre.
The two-headed ogre hits you with a giant club.
* * * LOW HITPOINT WARNING * * *
You block the two-headed ogre's attack.
You take 2 damage, and have 14/48 hp.
There is a stone staircase leading up, spattered with blood here.
You see here a jackal skeleton.
You feel very mighty all of a sudden. The two-headed ogre barely misses you.
You block the two-headed ogre's attack.
You hit the two-headed ogre.
The two-headed ogre completely misses you.
You block the two-headed ogre's attack.
You barely miss the two-headed ogre. You thump the two-headed ogre!
The two-headed ogre hits you with a giant club!
* * * LOW HITPOINT WARNING * * *
You block the two-headed ogre's attack.
You take 14 damage, and have 4/48 hp.
MASSIVE DAMAGE!!
You hit the two-headed ogre. You block the two-headed ogre's attack.
The two-headed ogre hits you but does no damage.
You hit the two-headed ogre. You block the two-headed ogre's attack.
The two-headed ogre hits you but does no damage.
You sock the two-headed ogre!
The two-headed ogre hits you with a giant club!
You die...

.................##
..................# ##
..................## ##.##
#........†..........## ....#
......†.............## ....##
#.....†<†............## .....##
#.....................# ......##
#......O..............# .......#
##.....@..............#
.......####....................#
........##......................#
.........#.#.................#...
...........##..............###...
...........###............##
..........## #...........##
........... ##........###
............ ##......##


You could see a two-headed ogre.

Vanquished Creatures
  Pikel (D:4)
  A centaur (D:3)
  Blork the orc (D:4)
  A hound (D:5)
  Crazy Yiuf (D:4)
  2 orc priests (D:3)
  An orc wizard (D:3)
  A worker ant (D:4)
  A hound skeleton (D:5)
  7 adders
  3 gnolls (D:3)
  2 oozes
  An adder zombie (D:5)
  A worm (D:2)
  2 dart slugs
  3 leopard geckos
  10 orcs (D:3)
  4 bats
  7 giant cockroaches
  4 goblins
  5 hobgoblins
  8 jackals
  A quokka (D:3)
  A ball python (D:3)
  6 kobolds
  2 rats
77 creatures vanquished.

Notes
Turn   | Place    | Note
-------+----------+-------------------------------------------
     0 | D:1      | shakethe the Gargoyle Fighter began the quest for the Orb.
     0 | D:1      | Reached XP level 1. HP: 14/14 MP: 1/1
   183 | D:1      | Reached XP level 2. HP: 19/19 MP: 2/2
   758 | D:2      | Reached XP level 3. HP: 23/23 MP: 3/3
   839 | D:2      | Reached skill level 4 in Armour
   927 | D:2      | Reached skill level 3 in Maces & Flails
  1029 | D:2      | Reached XP level 4. HP: 21/28 MP: 4/4
  1530 | D:3      | Found a shattered altar of Ashenzari.
  1604 | D:3      | Reached skill level 4 in Shields
  1604 | D:3      | Reached XP level 5. HP: 32/32 MP: 5/5
  1904 | D:3      | Noticed a centaur
  1920 | D:3      | Killed a centaur
  1920 | D:3      | Reached skill level 4 in Maces & Flails
  1920 | D:3      | Reached skill level 5 in Armour
  1920 | D:3      | Reached XP level 6. HP: 34/37 MP: 6/6
  1949 | D:3      | Found a white marble altar of Elyvilon.
  2197 | D:3      | Found a faded altar of an unknown god.
  2722 | D:4      | Noticed Blork the orc
  2737 | D:4      | Killed Blork the orc
  2749 | D:4      | Got a slimy leather armour
  3253 | D:4      | Noticed Pikel
  3253 | D:4      | Noticed a slave
  3253 | D:4      | Noticed a slave
  3254 | D:4      | Noticed a slave
  3282 | D:4      | Killed Pikel
  3282 | D:4      | Reached skill level 4 in Fighting
  3282 | D:4      | Reached skill level 5 in Maces & Flails
  3282 | D:4      | Reached skill level 6 in Armour
  3282 | D:4      | Reached skill level 5 in Shields
  3282 | D:4      | Reached XP level 7. HP: 38/43 MP: 7/7
  3282 | D:4      | Reached XP level 8. HP: 43/48 MP: 8/8
  3445 | D:4      | Found Iratosho's Book Boutique.
  3514 | D:4      | Found a runed door.
  3518 | D:4      | Noticed Crazy Yiuf
  3526 | D:4      | Killed Crazy Yiuf
  3608 | D:5      | Entered Level 5 of the Dungeon
  3741 | D:5      | Noticed a two-headed ogre
  3777 | D:5      | HP: 4/48 [two-headed ogre/giant club (14)]
  3780 | D:5      | Slain by a two-headed ogre

Skill      XL: |  1  2  3  4  5  6 |
---------------+-------------------+-----
Armour         | 4 5 6 |  6.9
Maces & Flails | 3 4 5 |  5.8
Shields        | 4 5 |  5.3
Fighting       | 4 |  4.3

Action                   |  1- 3 |  4- 6 |  7- 9 || total
-------------------------+-------+-------+-------++-------
Melee: Flail             |   148 |   264 |    66 ||   478
  Use: Scroll            |       |     6 |       ||     6
       Potion            |       |       |     1 ||     1
  Eat: Chunk             |       |     4 |     3 ||     7
       Ration            |       |     1 |       ||     1
Armor: Plate armour      |   159 |   252 |   105 ||   516
Dodge: Dodged            |    25 |    64 |    18 ||   107
Block: Shield            |   117 |   176 |    61 ||   354

Vault maps used:
D:1:      mrwooster_arrival_arrow, minmay_misc_feat_square
D:3:      old_standard_altar, overflow_temple_1_default,
          chequers_ecumenical_altar_simple
D:4:      first_ration, serial_shops, shop, st_stairs_8, uniq_pikel,
          uniq_crazy_yiuf_cottage, uniq_blork_the_orc

Table legend:
 A = Turns spent in this place as a percentage of turns spent in the entire game.
 B = Non-inter-level travel turns spent in this place as a percentage of non-inter-level travel turns spent in the entire game.
 C = Inter-level travel turns spent in this place as a percentage of turns spent in this place.
 D = Turns resting spent in this place as a percentage of non-inter-level travel turns spent in this place.
 E = Turns spent auto-exploring this place as a percentage of non-inter-level travel turns spent in this place.
 F = Non-inter-level travel turns spent in this place divided by the number of levels of this place that you've seen.
                   A       B       C       D       E      F
               +-------+-------+-------+-------+-------+----------------------
         Total | 100.0 | 100.0 |   2.9 |   5.0 |  64.8 | 734.4
       Dungeon | 100.0 | 100.0 |   2.9 |   5.0 |  64.8 | 734.4
               +-------+-------+-------+-------+-------+----------------------

Table legend:
 A = Kills in this place as a percentage of kills in entire the game.
 B = Kills by you in this place as a percentage of kills by you in the entire game.
 C = Kills by friends in this place as a percentage of kills by friends in the entire game.
 D = Other kills in this place as a percentage of other kills in the entire game.
 E = Experience gained in this place as a percentage of experience gained in the entire game.
 F = Experience gained in this place divided by the number of levels of this place that you have seen.
                   A       B       C       D       E      F
               +-------+-------+-------+-------+-------+----------------------
         Total | 100.0 | 100.0 |   N/A |   N/A | 100.0 | 276.0
       Dungeon | 100.0 | 100.0 |   N/A |   N/A | 100.0 | 276.0
               +-------+-------+-------+-------+-------+----------------------
